 Dungeon Crawl Stone Soup version 0.31-a0-204-g7da18cac08 (webtiles) character file.

Game seed: 10253087780728635077

422 qw the Skirmisher (level 6, -5/35 HPs)
             Began as a Deep Elf Hunter on June 27, 2023.
             Was an Initiate of Okawaru.
             Shot with an arrow by a centaur (10 damage)
             ... on level 5 of the Dungeon.
             The game lasted 00:01:47 (3593 turns).

qw the Skirmisher (Deep Elf Hunter)                 Turns: 3593, Time: 00:01:47

Health: -5/35      AC:  6    Str: 10    XL:     6   Next: 63%
Magic:  8/8        EV:  9    Int: 14    God:    Okawaru [......]
Gold:   36         SH:  0    Dex: 18    Spells: 5/5 levels left

rFire   . . .        Y - +1 shortbow (flame)
rCold   . . .        (shield currently unavailable)
rNeg    . . .        o - +0 scale mail
rPois   .            (no helmet)
rElec   .            (no cloak)
rCorr   .            (no gloves)
SInv    +            (no boots)
Will    .....        b - amulet of the acrobat
Stlth   +            m - +4 ring of slaying {mikee}
HPRegen 0.25/turn    g - ring of see invisible
MPRegen 0.11/turn

%: acrobat
@: no status effects
A: no striking features
a: Renounce Religion


You were on level 5 of the Dungeon.
You worshipped Okawaru.
Okawaru was noncommittal.
You visited 2 branches of the dungeon, and saw 6 of its levels.

You collected 204 gold pieces.
You spent 168 gold pieces at shops.


   Skills:
 - Level 2.0 Fighting
 + Level 9.7 Ranged Weapons
 - Level 1.3 Armour
 - Level 3.1 Dodging
 - Level 1.2 Stealth


You had 5 spell levels left.
You didn't know any spells.
Your spell library was empty.

Inventory:

Hand Weapons
 Y - a +1 shortbow of flaming (weapon)
Armour
 o - a +0 scale mail (worn)
Jewellery
 a - a ring of protection from fire
 b - an amulet of the acrobat (around neck)
 g - a ring of see invisible (right hand)
 m - a +4 ring of slaying (left hand) {mikee}
 r - the ring of Usomevu {Ice rElec rN+ Int+3}
   (You found it on level 4 of the Dungeon)

   [ring of ice]

   It enhances your ice magic.
   Int:       It affects your intelligence (+3).
   rF:        It makes you vulnerable to fire.
   rC:        It protects you from cold.
   rElec:     It insulates you from electricity.
   rN:        It protects you from negative energy.
Wands
 j - a wand of digging (6)
Scrolls
 f - a scroll of identify
Potions
 h - a potion of resistance {unknown}
 i - a potion of haste
 k - a potion of heal wounds {unknown}
 l - a potion of mutation {unknown}
 n - a potion of cancellation {unknown}
 q - 4 potions of curing

Dungeon Overview and Level Annotations

Branches:
Dungeon (5/15)             Temple (1/1) D:4

Altars:
Ashenzari
Cheibriados
Fedhas
Hepliaklqana
Nemelex Xobeh
Okawaru
Ru
Trog
Uskayaw
Vehumet
Yredelemnul
The Shining One

Shops:
D:4 !


Message History

You kill the orc!
Okawaru accepts your kill.
A hound comes into view.
The hound barks!
You shoot an arrow. The arrow hits the hound.
The arrow burns the hound.
The hound is lightly wounded.
A hound comes into view.
You shoot an arrow. The hound barks!
The arrow hits the hound!
The arrow burns the hound.
The hound is almost dead.
You hear a shout!
You shoot an arrow. The arrow hits the hound!
The arrow burns the hound.
You kill the hound!
Okawaru accepts your kill.
A centaur comes into view.
The centaur wields a +0 shortbow.
The centaur shoots an arrow.
The arrow hits you.
You shoot an arrow. The arrow hits the hound!
The arrow burns the hound.
The hound is almost dead.
The hound pauses to sniff the ground.
The centaur shoots an arrow.
The arrow barely misses you.
You shoot an arrow. The arrow hits the hound.
The arrow burns the hound.
You kill the hound!
Okawaru accepts your kill.
The centaur shoots an arrow.
The arrow hits you!
The centaur shoots an arrow.
The arrow closely misses you.
Your Armour skill increases to level 1!
You shoot an arrow. The arrow hits the centaur.
The arrow burns the centaur.
The centaur is lightly wounded.
The centaur shoots an arrow.
The arrow closely misses you.
You shoot an arrow. The arrow hits the centaur.
The arrow burns the centaur.
The centaur is moderately wounded.
The centaur shoots an arrow.
The arrow hits you.
The centaur shoots an arrow.
The arrow hits you!
You shoot an arrow. The arrow hits the centaur!
The arrow burns the centaur.
The centaur is severely wounded.
The centaur shoots an arrow.
The arrow hits you.
The centaur shoots an arrow.
The arrow hits you!
You die...

#.######..#
#...<.....# ..
#.######..###..
#.#### #.......
#....# #.....
#.##.# #....
#.##.# #..#
#.##.###).#
#.......@.#
###..###.%......
#...# #......c.
#..... .....%...
##...# #..###...
.#..# #..# ..
.....# #..# .
##.#### #...


You could see a centaur.

Vanquished Creatures
  2 hounds (D:5)
  An iguana (D:4)
  Jessica (D:2)
  3 orc wizards
  Natasha (thrice) (D:2)
  6 adders
  4 worms
  A dart slug (D:2)
  10 orcs
  13 endoplasms
  6 goblins
  8 hobgoblins
  2 jackals (D:1)
  2 quokkas
  5 ball pythons
  8 bats
  2 frilled lizards
  9 kobolds
  6 rats
92 creatures vanquished.

Notes
Turn   | Place    | Note
-------+----------+-------------------------------------------
     0 | D:1      | qw the Deep Elf Hunter began the quest for the Orb.
     0 | D:1      | Reached XP level 1. HP: 12/12 MP: 3/3
     0 | D:1      | 0 ||| qw: Version: 0.3-a-22-g0ed2b0b
     0 | D:1      | 0 ||| qw: Game counter: 6513
     0 | D:1      | 0 ||| qw: Melee chars always use a shield: true
     0 | D:1      | 0 ||| qw: God list: Okawaru
     0 | D:1      | 0 ||| qw: Allow faded altars: false
     0 | D:1      | 0 ||| qw: Do Orc after clearing Dungeon:15 true
     0 | D:1      | 0 ||| qw: Do second Lair branch before Depths: true
     0 | D:1      | 0 ||| qw: Lair rune preference: random
     0 | D:1      | 0 ||| qw: Goals: Normal
     0 | D:1      | 0 ||| PLANNING D:1-11
   120 | D:1      | Reached XP level 2. HP: 16/16 MP: 4/4
   121 | D:1      | Reached skill level 6 in Ranged Weapons
   473 | D:1      | Reached XP level 3. HP: 20/20 MP: 5/5
   535 | D:1      | 535 ||| UPGRADING to ring of protection from fire.
   536 | D:1      | 536 ||| UPGRADING to ring of see invisible.
   537 | D:1      | 537 ||| READING 2 scrolls labelled CULEHU NYERR.
   538 | D:1      | 538 ||| READING scroll labelled JAHOAWIGUT.
   539 | D:1      | 539 ||| READING scroll labelled ISTYGU IHOYSUF.
   540 | D:1      | 540 ||| DRINKING 2 brown potions.
   541 | D:1      | 541 ||| DROPPING scroll of vulnerability.
   542 | D:1      | 542 ||| DROPPING scroll of butterflies.
   713 | D:2      | Noticed Natasha
   720 | D:2      | Killed Natasha
   721 | D:2      | Reached skill level 7 in Ranged Weapons
   905 | D:2      | Noticed Natasha
   916 | D:2      | Killed Natasha
   917 | D:2      | Reached XP level 4. HP: 15/25 MP: 6/6
  1023 | D:2      | Noticed Natasha
  1033 | D:2      | Killed Natasha
  1034 | D:2      | Reached skill level 8 in Ranged Weapons
  1180 | D:2      | Noticed Jessica
  1181 | D:2      | Killed Jessica
  1182 | D:2      | Reached XP level 5. HP: 29/29 MP: 7/7
  1400 | D:2      | Found a faded altar of an unknown god.
  1597 | D:2      | 1597 ||| UPGRADING to amulet of the acrobat.
  1602 | D:2      | 1602 ||| READING scroll labelled JARUVU SESTINO.
  1681 | D:3      | Found a bloodstained altar of Trog.
  1768 | D:3      | 1768 ||| Stepping ~*~*~tactically~*~*~ (outnumbered).
  1774 | D:3      | Reached skill level 9 in Ranged Weapons
  1786 | D:3      | HP: 7/29 [orc wizard/+0 dagger (1)]
  1787 | D:3      | HP: 3/29 [orc wizard/+0 dagger (3)]
  1789 | D:3      | Reached skill level 3 in Dodging
  2486 | D:3      | 2486 ||| UPGRADING to +4 ring of slaying {mikee}.
  2488 | D:3      | 2488 ||| READING scroll labelled UTTEL GEITUMUKO.
  2573 | D:4      | 2573 ||| PLANNING SEWER
  2595 | D:4      | 2595 ||| STAIRDANCE
  2689 | D:3      | 2689 ||| READING scroll labelled COUSEGHOETZ.
  2720 | D:4      | Reached XP level 6. HP: 35/35 MP: 8/8
  2820 | D:4      | Found a staircase to the Ecumenical Temple.
  3008 | D:4      | 3008 ||| Stepping ~*~*~tactically~*~*~ (water).
  3072 | D:4      | Found Nudwou's Distillery.
  3081 | D:4      | 3081 ||| BUYING potion of curing (42 gold).
  3081 | D:4      | Bought a potion of curing for 42 gold pieces
  3081 | D:4      | 3081 ||| BUYING potion of curing (42 gold).
  3081 | D:4      | Bought a potion of curing for 42 gold pieces
  3081 | D:4      | 3081 ||| BUYING potion of curing (42 gold).
  3081 | D:4      | Bought a potion of curing for 42 gold pieces
  3081 | D:4      | 3081 ||| BUYING potion of curing (42 gold).
  3081 | D:4      | Bought a potion of curing for 42 gold pieces
  3081 | D:4      | 3081 ||| SHOPLISTING potion of curing (42 gold, have 36).
  3081 | D:4      | 3081 ||| SHOPLISTING potion of heal wounds (70 gold, have
                  | 36).
  3081 | D:4      | 3081 ||| SHOPLISTING potion of mutation (112 gold, have
                  | 36).
  3084 | D:4      | Identified the ring of Usomevu {Ice rElec rN+ Int+3}
  3149 | D:4      | 3149 ||| Stepping ~*~*~tactically~*~*~ (water).
  3151 | D:4      | 3151 ||| Stepping ~*~*~tactically~*~*~ (water).
  3153 | D:4      | 3153 ||| Stepping ~*~*~tactically~*~*~ (water).
  3164 | D:4      | 3164 ||| Stepping ~*~*~tactically~*~*~ (water).
  3166 | D:4      | 3166 ||| Stepping ~*~*~tactically~*~*~ (water).
  3168 | D:4      | 3168 ||| Stepping ~*~*~tactically~*~*~ (water).
  3170 | D:4      | 3170 ||| Stepping ~*~*~tactically~*~*~ (water).
  3172 | D:4      | 3172 ||| Stepping ~*~*~tactically~*~*~ (water).
  3203 | D:4      | Found a glowing drain.
  3204 | D:4      | 3204 ||| UPGRADING to +0 scale mail.
  3214 | D:4      | 3214 ||| DROPPING +0 leather armour.
  3215 | D:4      | 3215 ||| READING scroll labelled BOUTAR ISTRIAJAO.
  3220 | D:4      | 3220 ||| READING scroll labelled GORHEIS MEOT.
  3221 | D:4      | 3221 ||| READING 2 scrolls of identify.
  3221 | D:4      | 3221 ||| IDENTIFYING fuming puce potion
  3222 | D:4      | 3222 ||| DROPPING potion of degeneration.
  3267 | D:4      | 3267 ||| RIP SEWER
  3308 | D:4      | 3308 ||| PLANNING TEMPLE
  3408 | Temple   | Entered the Ecumenical Temple
  3409 | Temple   | 3409 ||| PLANNING OKAWARU WORSHIP
  3420 | Temple   | Became a worshipper of Warmaster Okawaru
  3421 | Temple   | 3421 ||| PLANNING D:1-11
  3560 | D:4      | 3560 ||| Stepping randomly (stuck).
  3566 | D:5      | Entered Level 5 of the Dungeon
  3591 | D:5      | Reached skill level 1 in Armour
  3593 | D:5      | HP: 5/35 [centaur/arrow (6)]
  3593 | D:5      | Shot with an arrow by a centaur

Levels and vault maps discovered:
D:1:      zelgadis_glass_arrival_small, layout_basic, st_stairs_7
D:2:      layout_basic, serial_forest, infiniplex_forest_lined_2,
          infiniplex_forest_join, infiniplex_forest_straight_5,
          infiniplex_forest_join, infiniplex_forest_straight_2,
          infiniplex_forest_lined_room_, infiniplex_forest_zigzag_1,
          infiniplex_forest_corner_1, nicolae_ecumenical_lake_church,
          uniq_jessica, uniq_natasha
D:3:      layout_basic, bloody_trog
D:4:      layout_cave_pools, minmay_temple_entry_nine_rooms,
          gup_sewer_entry_spiral, minmay_shop_grid_forest, minmay_crystal_water
D:5:      layout_loops_corners, mainiacjoe_overflow_brackets, kennysheep_boxes
Temple:   minmay_freezing_vapour_temple

Skill      XL: |  1  2  3  4  5  6 |
---------------+-------------------+-----
Ranged Weapons | 6 7 8 9 |  9.7
Dodging        | 3 |  3.1
Fighting       | 2 |  2.0
Armour         | 1 |  1.3
Stealth        | |  1.2

Action                     |  1- 3 |  4- 6 || total
---------------------------+-------+-------++-------
   Fire: Shortbow          |   117 |   195 ||   312
    Use: Scroll            |     3 |     6 ||     9
         Potion            |     1 |       ||     1
 Armour: Leather armour    |    11 |    11 ||    22
  Dodge: Dodged            |    27 |    42 ||    69

Table legend:
 A = Non-vault XP
 B = Vault XP
 C = Vault XP percentage of total XP
 D = Non-vault monster count
 E = Vault monster count
 F = Vault count percentage of total count
                 A         B        C        D         E       F
            +---------+---------+-------+---------+---------+-------
      Total |     518 |      86 |  14.2 |      84 |       8 |   8.7
            +---------+---------+-------+---------+---------+-------
        D:1 |      41 |       1 |   2.4 |      25 |       1 |   3.8
        D:2 |     110 |      72 |  39.6 |      19 |       2 |   9.5
        D:3 |     152 |       0 |   0.0 |      21 |       0 |   0.0
        D:4 |     129 |      13 |   9.2 |      16 |       5 |  23.8
        D:5 |      86 |       0 |   0.0 |       3 |       0 |   0.0
            +---------+---------+-------+---------+---------+-------
